 Dungeon Crawl Stone Soup version 0.27.1-2-g3b301248ec (webtiles) character file.

Game seed: 2181763226351045743

77 Crownlay the Digger (level 4, -9/27 HPs)
             Began as an Octopode Earth Elementalist on Oct 2, 2021.
             Mangled by an orc warrior (16 damage)
             ... on level 4 of the Dungeon.
             The game lasted 00:04:02 (2619 turns).

Crownlay the Digger (Octopode Earth Elementalist)   Turns: 2619, Time: 00:04:03

Health: -9/27      AC:  1    Str:  7    XL:     4   Next: 33%
Magic:  3/8        EV: 13    Int: 18    God:
Gold:   90         SH:  0    Dex: 12    Spells: 8/9 levels left

rFire    . . .     SeeInvis .   i - +0 dagger
rCold    . . .     Faith    .   (no shield)
rNeg     . . .     Spirit   .   (helmet restricted)
rPois    .         Reflect  .   (no amulet)
rElec    .         Harm     .   (no ring)
rCorr    .         Rampage  .   (no ring)
Will     .....                  (no ring)
Stlth    +++.......             (no ring)
HPRegen  0.09/turn              (no ring)
MPRegen  0.11/turn              (no ring)
                                (no ring)
                                (no ring)

@: no status effects
A: almost no armour, amphibious, 8 rings, camouflage 1, gelatinous body 1,
(nimble swimmer 1), tentacles
a: no special abilities


You were on level 4 of the Dungeon.
You visited 1 branch of the dungeon, and saw 4 of its levels.

You collected 90 gold pieces.

Inventory:

Hand Weapons
 i - a +0 dagger (weapon)
Missiles
 b - 79 stones
 f - 13 atropa-tipped darts
Scrolls
 c - a scroll of teleportation
 e - 2 scrolls of amnesia
 h - a scroll of fear {unknown}
 j - a scroll of summoning {unknown}
 l - a scroll of fog {unknown}
 m - a scroll of magic mapping {unknown}
 n - a scroll of noise {unknown}
 o - a scroll of identify {unknown}
Potions
 a - a potion of resistance {unknown}
 d - a potion of mutation {unknown}
 g - a potion of cancellation {unknown}
 k - a potion of flight {unknown}
 p - 2 potions of haste {unknown}
 q - a potion of berserk rage {unknown}


   Skills:
 - Level 2.0 Dodging
 + Level 3.2 Stealth
 * Level 3.0 Spellcasting
 - Level 1.0 Transmutations
 + Level 4.1 Earth Magic


You had 8 spell levels left.
You knew the following spells:

 Your Spells              Type           Power      Damage    Failure   Level
a - Sandblast             Erth           34%        2d9       3%          1

Your spell library contained the following spells:

 Spells                   Type           Power      Damage    Failure   Level
 Passwall                 Tmut/Erth      9%         N/A       9%          2
 Stone Arrow              Conj/Erth      20%        3d8       22%         3
 Petrify                  Tmut/Erth      11%        N/A       50%         4


Dungeon Overview and Level Annotations

Branches:
Dungeon (4/15)
 Temple: D:4-7

Altars:
Nemelex Xobeh

Shops:
D:1 ?


Innate Abilities, Weirdness & Mutations

You cannot wear most types of armour.
You are amphibious.
You can wear up to eight rings at the same time.
Your skin changes colour to match your surroundings (Stealth+).
Your rubbery body absorbs attacks. (AC +1, EV +1)
((You are camouflaged near water. (Stealth+)))
You have tentacles for arms and can constrict up to eight enemies at once.


Message History

The hound skeleton closely misses you.
You climb upwards.
There is a stone staircase leading down here.
You see here 22 arrows.
Magic restored.
There is a stone staircase leading down here.
You see here a +0 dagger.
You climb downwards.
You hear the hiss of flowing sand.
There is an entrance to an ossuary on this level.
Hurry and find it before the portal is buried!
You hear the slow hiss of an avalanche of sand nearby.
Found three items.
There is a stone staircase leading up here.
The blast of sand hits the dart slug!
You kill the dart slug!
The blast of sand hits the hobgoblin!
You kill the hobgoblin!
There is a stone staircase leading up here.
You can't see any susceptible monsters within range! (Use Z to cast anyway.)
The blast of sand hits the orc warrior.
The orc warrior is moderately wounded.
The blast of sand hits the orc warrior.
The orc warrior is moderately wounded.
The orc shouts! x2; You hear an angry hiss.
You hear a shout!
The blast of sand hits the orc warrior.
The orc warrior is heavily wounded.
The orc warrior hits you with a +1 vorpal mace!
Ouch! That really hurt!
* * * LOW HITPOINT WARNING * * *
A goblin comes into view.
It is wielding a +1 dagger of distortion.
You are too injured to fight recklessly!
Casting: Sandblast (safe; 3% risk of failure)
Confirm with . or Enter, or press ? or * to list all spells.
Aiming: Sandblast (safe; 3% risk of failure)
Press: ? - help, Shift-Dir - straight line, f/p - orc warrior
Aim: an orc warrior, wielding a +1 vorpal mace and wearing a +0 chain mail (heavily wounded, 77% to hit)
The blast of sand misses the orc warrior.
The orc warrior hits you with a +1 vorpal mace!
Ouch! That really hurt!
You die...

............### ....
##............##....
...g...............
#..oo..Z.......
.............#
......?..†..##
.............###
.......o.......#
...?...@........
...$.........##.
.....##.....## ....#
#......# ....
#........ ...
..##.##... .. ..# .#
... .## .#


You could see an orc warrior, 2 orcs, a goblin and a hound skeleton.

Vanquished Creatures
  An adder (D:2)
  An adder skeleton (D:4)
  2 worms (D:2)
  2 dart slugs
  3 ball pythons
  A bat (D:2)
  4 endoplasms
  A giant cockroach (D:2)
  5 hobgoblins
  6 jackals
  A quokka (D:3)
  2 frilled lizards
  9 goblins
  6 kobolds
  6 rats
50 creatures vanquished.

Notes
Turn   | Place    | Note
-------+----------+-------------------------------------------
     0 | D:1      | Crownlay the Octopode Earth Elementalist began the quest
                  | for the Orb.
     0 | D:1      | Reached XP level 1. HP: 11/11 MP: 3/3
    99 | D:1      | Reached XP level 2. HP: 17/17 MP: 0/5
   437 | D:1      | Found Sarhyvo's Magic Scroll Boutique.
   874 | D:1      | Reached XP level 3. HP: 21/21 MP: 6/6
  1419 | D:2      | Reached skill level 4 in Earth Magic
  1530 | D:2      | Found a faded altar of an unknown god.
  1828 | D:3      | Reached XP level 4. HP: 27/27 MP: 8/8
  1917 | D:3      | Found a sparkling altar of Nemelex Xobeh.
  2556 | D:4      | Noticed an orc warrior
  2619 | D:4      | Mangled by an orc warrior

Illustrated notes

Levels and vault maps discovered:
D:1:      amcnicky_arrival_underground_garden, layout_basic, serial_shops, shop
D:2:      layout_rooms, chequers_ecumenical_altar_lobes, minmay_tetromino_s4
D:3:      layout_loops_ring, mainiacjoe_overflow_catwalk
D:4:      minmay_chambers_of_threes, layout_cave_pools,
          palyth_temple_overflow_mages, serial_shops, shop_statue,
          lightli_ossuary_entry_decrepit_ruins, uniq_crazy_yiuf_cottage,
          uniq_menkaure, uniq_blork_the_orc

Skill      XL: |  1  2  3  4 |
---------------+-------------+-----
Stealth        | 3 |  3.2
Earth Magic    | 4 |  4.1
Spellcasting   | 3 |  3.0
Dodging        | |  2.0
Transmutations | |  1.0

Action                   |  1- 3 |  4- 6 || total
-------------------------+-------+-------++-------
Melee: Unarmed           |    21 |       ||    21
       Constrict         |    20 |     4 ||    24
       Dagger            |    43 |    16 ||    59
       Tentacles         |    10 |     3 ||    13
 Cast: Sandblast         |    20 |    11 ||    31
  Use: Scroll            |       |     2 ||     2
 Stab: Sleeping          |     9 |     1 ||    10
Armor: Skin              |     5 |       ||     5
Dodge: Dodged            |    52 |     5 ||    57
